 Dungeon Crawl Stone Soup version 0.16.1-18-g436b03c (webtiles) character file.

83 tesudzi the Cudgeler (level 4, 0/32 HPs)
             Began as a Demonspawn Wanderer on May 12, 2015.
             Slain by a hobgoblin
             ... wielding a cursed -2 club
             ... led by Robin
              (4 damage)
             ... on level 2 of the Dungeon.
             The game lasted 00:06:58 (2616 turns).

tesudzi the Cudgeler (Demonspawn Wanderer)          Turns: 2616, Time: 00:06:58

Health: 0/32       AC:  2    Str: 11    XL:     4   Next: 22%
Magic:  5/5        EV: 12    Int: 11    God:
Gold:   157        SH:  0    Dex: 17    Spells: 1 memorised, 4 levels left

rFire  . . .     SeeInvis .     i - +2 whip (freeze)
rCold  + . .     Clarity  .     d - +0 robe
rNeg   . . .     SustAb   .     (no shield)
rPois  .         Gourm    .     (no helmet)
rElec  .         Spirit   .     (no cloak)
rCorr  .         Warding  .     (no gloves)
rMut   .         Stasis   .     (no boots)
MR     .....                    (no amulet)
Stlth  ++........               (no ring)
                                (no ring)

@: not resistant to hostile enchantments, unstealthy
A: cold resistance 1, rot immunity
a: no special abilities


You were on level 2 of the Dungeon.
You were hungry.

You visited 1 branch of the dungeon, and saw 2 of its levels.

You collected 157 gold pieces.

Inventory:

Hand weapons
 a - a +2 short sword
 h - a +0 hand axe
 i - a +2 whip of freezing (weapon)
Missiles
 e - 18 poisoned needles
 j - 2 javelins (quivered)
Armour
 d - a +0 robe (worn)
Scrolls
 g - a scroll of remove curse
Books
 c - the Grimoire of the Voyage

   Spells                             Type                      Level
   a - Apportation                    Translocation                1
   b - Shroud of Golubria             Charms/Translocation         2
Comestibles
 b - a chunk of flesh
 f - 2 bread rations
 k - a beef jerky


   Skills:
 - Level 1.3 Fighting
 - Level 1.7 Short Blades
 + Level 3.3 Maces & Flails
 - Level 1.0 Throwing
 - Level 1.0 Dodging
 - Level 1.0 Stealth
 - Level 1.0 Spellcasting
 - Level 1.1 Translocations
   Level 1.0 Earth Magic
   Level 1.0 Evocations


You had 4 spell levels left.
You knew the following spells:

 Your Spells              Type           Power        Failure   Level  Hunger
a - Apportation           Tloc           #.........   24%         1    ##.....


Dungeon Overview and Level Annotations

Branches:
Dungeon (2/15)

Altars:
Cheibriados


Innate Abilities, Weirdness & Mutations

Your flesh is cold resistant.
You are immune to rotting.


Message History

Things that are here:
a dagger; a goblin corpse You see here a short sword.
A giant gecko comes into view.
Your transformation is almost over.
The giant gecko barely misses you. The goblin misses you.
The giant gecko closely misses you.
Your transformation has ended.
Your +2 whip of freezing unmelds from your body.
Your +0 robe unmelds from your body.
It glows with a cold blue light!
The giant gecko closely misses you.
You closely miss the hobgoblin. The hobgoblin hits you with a club.
* * * LOW HITPOINT WARNING * * *
You aren't carrying any potions.
Read which item? (? for menu, Esc to quit)
Okay, then.
You aren't carrying any items that can be evoked.
You barely miss the hobgoblin. The hobgoblin hits you with a club.
You die...

#####.#..# #.#
#........#######.##
#.###.##..........########## #)#
#................)...... #)#
#..........#..########## #†#
#.........>...........## # #)#
#.......g....######<....
##.##.#############..# #.#
#..............@gl...# ##..
#####.#############..# ###...
####.#########.###..######.....
#....#.........................
#.############'###.#######.....
##.######## ##....#.#### #.....
#.........# #'....'...<# #...#.
#########'####..).#....####...#.
#.......######....'.....###


You could see a giant gecko and a hobgoblin.

Vanquished Creatures
  Robin (D:2)
  2 adders (D:2)
  A giant gecko (D:1)
  2 giant cockroaches (D:1)
  9 goblins
  6 hobgoblins
  7 jackals
  A quokka (D:2)
  4 bats
  3 giant newts (D:1)
  8 kobolds
  7 rats
51 creatures vanquished.

Notes
Turn   | Place    | Note
--------------------------------------------------------------
     0 | D:1      | tesudzi, the Demonspawn Wanderer, began the quest for the Orb.
     0 | D:1      | tesudzi set off with: a +2 short sword, a potion of curing, the Grimoire of the Voyage, a +0 robe, a bread ration
     0 | D:1      | Reached XP level 1. HP: 15/15 MP: 2/2
     0 | D:1      | Identified the Grimoire of the Voyage
     2 | D:1      | Learned a level 1 spell: Apportation
   580 | D:1      | Reached skill level 1 in Maces & Flails
   580 | D:1      | Gained mutation: You are immune to rotting. [demonic ancestry]
   580 | D:1      | Reached XP level 2. HP: 11/21 MP: 3/3
  1334 | D:1      | Reached skill level 2 in Maces & Flails
  1448 | D:2      | Noticed Robin
  1458 | D:2      | Reached XP level 3. HP: 9/26 MP: 4/4
  2271 | D:2      | Found a snail-covered altar of Cheibriados.
  2404 | D:2      | Reached skill level 3 in Maces & Flails
  2404 | D:2      | Gained mutation: Your flesh is cold resistant. [demonic ancestry]
  2404 | D:2      | Reached XP level 4. HP: 19/32 MP: 5/5
  2592 | D:2      | Killed Robin
  2616 | D:2      | Slain by a hobgoblin

Action                   |  1- 3 |  4- 6 || total
-------------------------+-------+-------++-------
Melee: Whip              |   147 |     5 ||   152
       Short sword       |     5 |       ||     5
       Hand axe          |     5 |       ||     5
       Unarmed           |       |    23 ||    23
 Cast: Apportation       |     2 |       ||     2
  Use: Potion            |     2 |     1 ||     3
       Scroll            |     6 |       ||     6
  Eat: Chunk             |     5 |       ||     5
